 Dungeon Crawl Stone Soup version 0.17.1-1-g73c8601 (webtiles) character file.

47 Implojin the Ruffian (level 3, 0/36 HPs)
             Began as a Troll Fighter on Apr 3, 2016.
             Slain by Menkaure (14 damage)
             ... on level 6 of the Dungeon.
             The game lasted 00:01:45 (304 turns).

Implojin the Ruffian (Troll Fighter)                 Turns: 304, Time: 00:01:45

Health: 0/36       AC:  5    Str: 24    XL:     3   Next: 48%
Magic:  2/2        EV:  8    Int:  4    God:
Gold:   0          SH:  8    Dex: 10    Spells: 0 memorised, 2 levels left

rFire  . . .     SeeInvis .       - Unarmed
rCold  . . .     Clarity  .     a - +0 robe
rNeg   . . .     SustAt   .     b - +0 shield
rPois  .         Gourm    +     (helmet restricted)
rElec  .         Spirit   .     (no cloak)
rCorr  .         Warding  .     (gloves unavailable)
rMut   .         Stasis   .     (boots unavailable)
MR     .....                    (no amulet)
Stlth  +.........               (no ring)
                                (no ring)

@: not resistant to hostile enchantments, very unstealthy
A: unfitting armour, claws 3, fast metabolism 3, gourmand, regeneration 2,
shaggy fur 1, tough skin 2
a: no special abilities


You were on level 6 of the Dungeon.
You were very full.

You visited 1 branch of the dungeon, and saw 5 of its levels.

Inventory:

Armour
 a - a +0 robe (worn)
 b - a +0 shield (worn)
Wands
 i - a wand of heal wounds (7)
Potions
 c - a potion of might
 e - a potion of cure mutation {unknown}
Comestibles
 d - 4 bread rations
 g - 4 fruits


   Skills:
 - Level 2.4 Fighting
 - Level 2.4 Dodging
 - Level 2.4 Shields
 * Level 3.9 Unarmed Combat


You had 2 spell levels left.
You didn't know any spells.

Dungeon Overview and Level Annotations

Branches:
Dungeon (6/15)
 Temple: D:4-7

Altars:

Annotations:
D:6 Menkaure


Innate Abilities, Weirdness & Mutations

You are too large for most types of armour.
You have claws for hands.
Your metabolism is lightning-fast.
You like to eat raw meat.
You heal very quickly.
You are covered in fur (AC +1).
You have very tough skin (AC +2).


Message History

i - a wand of heal wounds
There is a stone staircase leading down here.
You climb downwards.
Found 17 gold pieces.
There is a stone staircase leading up here.
Read which item? (? for menu, Esc to quit)
As you read the scroll labeled NOZXEG PADIL, it crumbles to dust.
It is a scroll of identify.
Identify which item? (\ to view known items) (? for menu, Esc to quit)
i - a wand of heal wounds (7) Read which item? (? for menu, Esc to quit)
As you read the scroll labeled YRCHAU NUWISI, it crumbles to dust.
The scroll dissolves into smoke.
It was a scroll of fog.
You open the door.
Found a stone staircase leading down.
There is an open door here.
There is a stone staircase leading down here.
You climb downwards.
Found an escape hatch in the ceiling.
There is a stone staircase leading up here.
Found a scroll labeled JACKOU RAHOYG.
A quokka comes into view.
Menkaure, Prince of Dust comes into view.
Menkaure shouts!
Menkaure's bandages flutter.
The quokka bites you.
You claw the quokka!
You kill the quokka!
A worker ant comes into view.
You barely miss Menkaure.
The worker ant twitches its antennae in your direction.
Menkaure mumbles some strange words.
Menkaure seems to speed up.
You closely miss Menkaure. You block Menkaure's attack.
The worker ant bites you but does no damage.
You scratch Menkaure but do no damage. Menkaure hits you!!
Ouch! That really hurt!
* * * LOW HITPOINT WARNING * * *
You block the worker ant's attack. Menkaure hits you!
You die...

..........
.......... #.
#.....?..# ..##
.........
.r....####.....####
..................#
...... ###....#.#.##
......##...#Ma......
#.......†.#@.......
#.#..........<.....
###.....#........
........<....#####
..####........#
#........#
#.....#### #####.#
..


You could see Menkaure and a worker ant.

Vanquished Creatures
  An orc wizard (D:4)
  A worm (D:4)
  2 orcs (D:4)
  A giant cockroach (D:2)
  A hobgoblin (D:2)
  4 jackals (D:2)
  2 kobolds
  2 quokkas
  2 giant newts (D:2)
16 creatures vanquished.

Notes
Turn   | Place    | Note
--------------------------------------------------------------
     0 | D:1      | Implojin the Troll Fighter began the quest for the Orb.
     0 | D:1      | Reached XP level 1. HP: 22/22 MP: 0/0
   118 | D:2      | Reached XP level 2. HP: 27/29 MP: 1/1
   143 | D:2      | Reached skill level 3 in Unarmed Combat
   224 | D:2      | You fall through a shaft for 2 floors!
   240 | D:4      | Reached XP level 3. HP: 21/36 MP: 2/2
   267 | D:5      | Entered Level 5 of the Dungeon
   285 | D:6      | Noticed Menkaure
   304 | D:6      | Slain by Menkaure

Action                   || total
-------------------------++-------
Melee: Unarmed           ||    73
  Use: Scroll            ||     2
  Eat: Chunk             ||     7

Table legend:
 A = Turns spent in this place as a percentage of turns spent in the entire game.
 B = Non-inter-level travel turns spent in this place as a percentage of non-inter-level travel turns spent in the entire game.
 C = Inter-level travel turns spent in this place as a percentage of turns spent in this place.
 D = Turns resting spent in this place as a percentage of non-inter-level travel turns spent in this place.
 E = Turns spent auto-exploring this place as a percentage of non-inter-level travel turns spent in this place.
 F = Non-inter-level travel turns spent in this place divided by the number of levels of this place that you've seen.
                   A       B       C       D       E      F
               +-------+-------+-------+-------+-------+----------------------
         Total | 100.0 | 100.0 |   0.0 |   0.0 |   0.0 |  56.4
       Dungeon | 100.0 | 100.0 |   0.0 |   0.0 |   0.0 |  56.4
               +-------+-------+-------+-------+-------+----------------------

Table legend:
 A = Kills in this place as a percentage of kills in entire the game.
 B = Kills by you in this place as a percentage of kills by you in the entire game.
 C = Kills by friends in this place as a percentage of kills by friends in the entire game.
 D = Other kills in this place as a percentage of other kills in the entire game.
 E = Experience gained in this place as a percentage of experience gained in the entire game.
 F = Experience gained in this place divided by the number of levels of this place that you have seen.
                   A       B       C       D       E      F
               +-------+-------+-------+-------+-------+----------------------
         Total | 100.0 | 100.0 |  -nan |  -nan | 100.0 |  13.6
       Dungeon | 100.0 | 100.0 |  -nan |  -nan | 100.0 |  13.6
               +-------+-------+-------+-------+-------+----------------------
